 Dungeon Crawl Stone Soup version 0.17-a0-587-g4707e02 (webtiles) character file.

1759 Fluffy the Skirmisher (level 8, 0/65 HPs)
             Began as a Demonspawn Gladiator on Apr 15, 2015.
             Was an Initiate of Makhleb.
             Killed from afar by an electric eel (13 damage)
             ... with a bolt of electricity
             ... on level 6 of the Dungeon.
             The game lasted 00:23:39 (8450 turns).

Fluffy the Skirmisher (Demonspawn Gladiator)        Turns: 8450, Time: 00:23:39

Health: 0/65       AC: 12    Str: 18    XL:     8   Next: 79%
Magic:  0/9        EV:  8    Int: 10    God:    Makhleb [......]
Gold:   205        SH:  0    Dex: 15    Spells: 0 memorised, 7 levels left

rFire  . . .     SeeInvis .     a - +0 long sword
rCold  . . .     Clarity  .     j - +0 chain mail
rNeg   . . .     SustAb   .     (no shield)
rPois  .         Gourm    .     c - +0 helmet
rElec  .         Spirit   +     k - +0 cloak
rCorr  .         Warding  .     (no gloves)
rMut   .         Stasis   .     (no boots)
MR     .....                    (no amulet)
Stlth  ..........               (no ring)
                                h - ring of stealth

@: not resistant to hostile enchantments, extremely unstealthy
A: thin skeletal structure 1, magic shield, magic regeneration
a: Renounce Religion


You were on level 6 of the Dungeon.
You worshipped Makhleb.
Makhleb was noncommittal.
You were hungry.

You visited 2 branches of the dungeon, and saw 7 of its levels.
You also visited: Sewer.

You collected 205 gold pieces.

Inventory:

Hand weapons
 a - a +0 long sword (weapon)
Missiles
 d - 2 throwing nets (quivered)
Armour
 c - a +0 helmet (worn)
 j - a +0 chain mail (worn)
 k - a +0 cloak (worn)
Jewellery
 h - a ring of stealth (left hand)
Magical devices
 e - a wand of slowing (22)
 p - a wand of paralysis (7)
 r - a wand of lightning (4)
Scrolls
 g - 4 scrolls of remove curse
 n - a scroll of teleportation
Potions
 b - a potion of resistance
 l - 2 potions of curing
 m - a potion of might
 o - a potion of restore abilities {unknown}
Comestibles
 f - 7 bread rations
 i - 4 meat rations
 s - a royal jelly


   Skills:
 + Level 6.5 Fighting
 + Level 6.5 Long Blades
 - Level 1.7 Throwing
 + Level 5.8 Armour
 - Level 2.6 Dodging
 + Level 2.3 Invocations


You had 7 spell levels left.
You didn't know any spells.

Dungeon Overview and Level Annotations

Branches:
Dungeon (6/15)             Temple (1/1) D:6

Altars:
Ashenzari
Dithmenos
Fedhas
Kikubaaqudgha
Makhleb
Nemelex Xobeh
Qazlal
Sif Muna
Trog
Vehumet
Zin
The Shining One

Shops:
D:6 }


Innate Abilities, Weirdness & Mutations

You have a somewhat thin skeletal structure (Dex +2, Stealth).
When hurt, damage is shared between your health and your magic reserves.
You regenerate magic rapidly.


Message History

You closely miss the electric eel. You closely miss the electric eel.
The electric eel shoots out a bolt of lightning at you!
The bolt of electricity hits you! x2
* * * LOW HITPOINT WARNING * * *
The bolt of electricity hits the electric eel.
The electric eel completely resists.
Your chain mail prevents you from hitting the electric eel.
The electric eel shoots out a bolt of lightning at you!
The bolt of electricity hits you!
* * * LOW HITPOINT WARNING * * *
The bolt of electricity hits you!
* * * LOW HITPOINT WARNING * * *
The bolt of electricity hits the electric eel.
The electric eel completely resists.
Drink which item? (? for menu, Esc to quit)
You feel better.
The electric eel shoots out a bolt of lightning at you!
The bolt of electricity hits you!
You die...

#;≈≈≈≈≈ #≈≈≈≈≈≈ #≈≈≈≈≈≈
############# #≈≈≈≈≈≈
≈≈≈≈≈≈≈≈≈≈≈≈≈#####≈≈≈≈≈≈
≈≈≈≈≈≈≈≈≈≈≈≈≈≈≈≈≈≈≈≈≈≈≈≈
≈≈≈≈≈≈≈≈≈≈≈≈≈≈≈≈≈≈≈≈≈≈≈≈
...≈.≈≈≈;≈.≈≈≈≈≈..≈≈≈.≈≈≈
.
........@................
........[)...............
#########).##############
####..###### #..).......#
#### #########..........#
#..###.......#....÷.....#
....#...................#
...##...................#


You could see an electric eel.

Vanquished Creatures
  Sigmund (D:5)
  Edmund (D:5)
  Purgy (Sewer)
  2 centaurs (D:6)
  An ogre (D:5)
  The ghost of Fluffy the Slasher, an average DsGl (D:3)
  A water moccasin zombie (D:6)
  A jelly (D:5)
  A water moccasin skeleton (D:6)
  2 crimson imps
  3 orc priests
  A giant frog skeleton (D:5)
  4 orc wizards (D:5)
  4 hounds
  A centaur skeleton (D:5)
  3 iguanas (D:5)
  A quasit (D:5)
  3 worker ants
  8 gnolls
  Robin (D:3)
  5 adders
  A shadow imp (D:6)
  3 oozes
  8 giant geckos
  13 orcs
  A bat skeleton (D:4)
  A bat zombie (D:6)
  6 giant cockroaches
  15 goblins
  16 hobgoblins
  6 jackals
  12 kobolds
  8 quokkas
  5 ball pythons
  A ball python zombie (D:6)
  9 bats
  A giant cockroach zombie (D:5)
  2 giant newts
  34 rats
188 creatures vanquished.

Notes
Turn   | Place    | Note
--------------------------------------------------------------
     0 | D:1      | Fluffy, the Demonspawn Gladiator, began the quest for the Orb.
     0 | D:1      | Reached XP level 1. HP: 16/16 MP: 1/1
   115 | D:1      | Reached skill level 3 in Long Blades
   125 | D:1      | Gained mutation: When hurt, damage is shared between your health and your magic reserves. [demonic ancestry]
   125 | D:1      | Reached XP level 2. HP: 17/22 MP: 2/2
   465 | D:1      | Reached skill level 1 in Armour
   849 | D:2      | Gained mutation: You regenerate magic rapidly. [demonic ancestry]
   849 | D:2      | Reached XP level 3. HP: 20/28 MP: 1/3
  1341 | D:2      | You fall through a shaft!
  1391 | D:3      | Noticed Robin
  1410 | D:3      | Killed Robin
  1410 | D:3      | Reached XP level 4. HP: 27/35 MP: 4/4
  1605 | D:3      | Found a glowing drain.
  1660 | Sewer    | Entered a sewer
  1939 | Sewer    | Noticed Purgy
  1952 | Sewer    | Killed Purgy
  1952 | Sewer    | Reached XP level 5. HP: 26/41 MP: 3/5
  2418 | D:3      | Reached skill level 4 in Long Blades
  2644 | D:3      | Noticed Fluffy's ghost (average DsGl)
  2696 | D:3      | Killed Fluffy's ghost
  2696 | D:3      | Reached XP level 6. HP: 3/48 MP: 1/6
  4037 | D:4      | Found a radiant altar of Vehumet.
  4449 | D:5      | Entered Level 5 of the Dungeon
  4485 | D:5      | Found an ancient bone altar of Kikubaaqudgha.
  4486 | D:5      | Found a stormy altar of Qazlal.
  4519 | D:5      | HP: 1/49 [orc priest/hand axe (3)]
  5002 | D:5      | Gained mutation: You have a somewhat thin skeletal structure (Dex +2, Stealth). [demonic ancestry]
  5002 | D:5      | Reached XP level 7. HP: 51/55 MP: 5/7
  5126 | D:5      | Reached skill level 5 in Long Blades
  5271 | D:5      | Found a shadowy altar of Dithmenos.
  5721 | D:5      | Reached skill level 5 in Fighting
  5825 | D:5      | Noticed Edmund
  5836 | D:5      | Killed Edmund
  5880 | D:5      | Noticed Sigmund
  5907 | D:5      | Killed Sigmund
  5907 | D:5      | Reached XP level 8. HP: 54/63 MP: 8/8
  6322 | D:5      | Reached skill level 5 in Armour
  6343 | D:5      | Reached skill level 6 in Long Blades
  7251 | D:6      | Found a staircase to the Ecumenical Temple.
  7258 | Temple   | Entered the Ecumenical Temple
  7304 | Temple   | Became a worshipper of Makhleb the Destroyer
  7405 | D:6      | Found Giazek's Gadget Emporium.
  7434 | D:6      | Reached skill level 1 in Invocations
  7437 | D:6      | Found a shattered altar of Ashenzari.
  7701 | D:6      | Paralysed by an orc for 4 turns
  8450 | D:6      | Killed from afar by an electric eel

Action                   |  1- 3 |  4- 6 |  7- 9 || total
-------------------------+-------+-------+-------++-------
Melee: Long sword        |   148 |   368 |   293 ||   809
Throw: Throwing net      |       |     1 |       ||     1
Evoke: Wand              |       |     1 |     9 ||    10
  Use: Potion            |       |     3 |     1 ||     4
       Scroll            |       |    12 |     4 ||    16
  Eat: Chunk             |     2 |    12 |    11 ||    25
